 Dungeon Crawl Stone Soup version 0.29-a0-512-gf59ac788ac (webtiles) character file.

Game seed: 17677148936829116813

8495 porpoise the Archer (level 11, -4/62 HPs)
             Began as a Tengu Hunter on May 30, 2022.
             Was a Follower of Hepliaklqana.
             Slain by a merfolk
             ... wielding a +0 trident
              (17 damage)
             ... on level 8 of the Dungeon.
             The game lasted 00:29:15 (11060 turns).

porpoise the Archer (Tengu Hunter)                 Turns: 11060, Time: 00:29:16

Health: -4/62      AC:  9    Str: 12    XL:     11   Next: 31%
Magic:  14/14      EV: 17    Int: 12    God:    Hepliaklqana [*.....]
Gold:   540        SH:  0    Dex: 19    Spells: 10/10 levels left

rFire   + . .      SeeInvis .   a - +2 shortbow (venom)
rCold   . . .      Faith    .   (shield currently unavailable)
rNeg    . . .      Spirit   .   x - +1 ring mail of Free Will {Will+}
rPois   .          Reflect  .   (helmet restricted)
rElec   .          Harm     .   u - +1 cloak
rCorr   +          Rampage  .   (no gloves)
Will    +....                   (boots unavailable)
Stlth   +++.......              (no amulet)
HPRegen 0.20/turn               t - ring of resist corrosion
MPRegen 0.14/turn               E - ring of protection from fire

@: flying quickly and evasively, quick
A: reduced essence, beak, talons 3, nimble flight
a: Renounce Religion, Recall Ancestor, Ancestor Identity


You were on level 8 of the Dungeon.
You worshipped Hepliaklqana.
Hepliaklqana was aware of your devotion.
You visited 2 branches of the dungeon, and saw 9 of its levels.

You collected 540 gold pieces.

Inventory:

Hand Weapons
 a - a +2 shortbow of venom (weapon)
 b - a +2 dagger of venom
Missiles
 y - 5 boomerangs
 z - 2 throwing nets
 D - 7 poisoned darts
Armour
 u - a +1 cloak (worn)
 x - the +1 ring mail of Free Will (worn) {Will+}
   (You found it on level 5 of the Dungeon)

   Will:      It increases your willpower.
 A - a scarf of harm
 F - a +1 ring mail of fire resistance
Magical Staves
 H - a staff of death
Jewellery
 m - a ring of fire
 t - a ring of resist corrosion (left hand)
 E - a ring of protection from fire (right hand)
Wands
 n - a wand of polymorph (11)
 w - a wand of digging (10)
 B - a wand of charming (8)
 I - a wand of flame (3)
Scrolls
 c - a scroll of immolation
 f - 2 scrolls of torment
 h - 5 scrolls of teleportation
 j - 2 scrolls of blinking
 k - 5 scrolls of magic mapping
 l - 2 scrolls of fog
 o - a scroll of silence
 r - a scroll of summoning
 v - 5 scrolls of vulnerability
 G - a scroll of amnesia
Potions
 d - 2 potions of haste
 e - 2 potions of attraction
 g - 2 potions of might
 i - 7 potions of curing
 p - a potion of experience {unknown}
 q - a potion of ambrosia
 s - 3 potions of cancellation {unknown}
 C - a potion of mutation {unknown}


   Skills:
 + Level 8.4 Fighting
 + Level 10.6 Bows
 - Level 7.0 Armour
 - Level 7.0 Dodging
 - Level 7.0 Stealth
 + Level 2.7 Invocations
 - Level 5.0 Evocations


You had 10 spell levels left.
You didn't know any spells.
Your spell library contained the following spells:

 Spells                   Type           Power      Damage    Failure   Level
 Magic Dart               Conj           0%         1d3       54%         1
 Necrotize                Necr           0%         1d4       54%         1
 Sandblast                Erth           0%         2d4       54%         1
 Blink                    Tloc           0%         N/A       69%         2
 Call Imp                 Summ           0%         N/A       69%         2
 Sublimation of Blood     Necr           0%         N/A       69%         2
 Frozen Ramparts          Ice            0%         1d2       89%         3
 Lesser Beckoning         Tloc           0%         N/A       89%         3
 Mephitic Cloud           Conj/Pois/Air  0%         N/A       89%         3
 Portal Projectile        Hex/Tloc       0%         N/A       89%         3
 Tukima's Dance           Hex            0%         N/A       89%         3
 Ice Form                 Ice/Tmut       0%         N/A       100%        4
 Petrify                  Tmut/Erth      0%         N/A       100%        4
 Summon Ice Beast         Ice/Summ       0%         N/A       100%        4
 Blade Hands              Tmut           0%         N/A       100%        5
 Irradiate                Conj/Tmut      0%         3d13      100%        5
 Manifold Assault         Tloc           0%         N/A       100%        5
 Lehudib's Crystal Spear  Conj/Erth      0%         10d2      100%        8


Dungeon Overview and Level Annotations

Branches:
Dungeon (8/15)             Temple (1/1) D:6
   Lair: D:8-11

Altars:
Ashenzari
Cheibriados
Dithmenos
Elyvilon
Hepliaklqana
Qazlal
Ru
Uskayaw
Xom
Yredelemnul

Annotations:
D:4 3 runed translucent doors, YayAnonymity's ghost, novice GnFi


Innate Abilities, Weirdness & Mutations

Your life essence is reduced to manifest your ancestor. (-10% HP)
You have a beak for a mouth.
You have claws for feet.
Your magical nature lets you fly swiftly and evasively.


Message History

Shoot: a) +2 shortbow (venom)
Press: ? - help, Q - select action, (/) - cycle Shift-Dir - straight line, f/p - merfolk
Aim: a merfolk, wielding a +0 trident (lightly wounded, ally target, 66% to hit)
You shoot an arrow. Nikki avoids your attack.
The arrow hits the merfolk!
The merfolk is poisoned.
The merfolk is moderately wounded.
The merfolk hits Nikki with a +0 trident!
Nikki hits the merfolk.
Shoot: a) +2 shortbow (venom)
Press: ? - help, Q - select action, (/) - cycle Shift-Dir - straight line, f/p - merfolk
Aim: a merfolk, wielding a +0 trident (moderately wounded, very poisoned, ally target, 66% to hit)
You shoot an arrow. Nikki avoids your attack.
The arrow barely misses the merfolk.
The merfolk hits Nikki with a +0 trident!!
Nikki hits the merfolk.
The merfolk hits Nikki with a +0 trident!!
Nikki is destroyed!
Shoot: a) +2 shortbow (venom)
Press: ? - help, Q - select action, (/) - cycle Shift-Dir - straight line, f/p - merfolk
Aim: a merfolk, wielding a +0 trident (heavily wounded, very poisoned, 66% to hit)
You shoot an arrow.
The arrow hits the merfolk but does no damage.
The merfolk looks as sick as possible!
The merfolk is heavily wounded.
Shoot: a) +2 shortbow (venom)
Press: ? - help, Q - select action, (/) - cycle Shift-Dir - straight line, f/p - merfolk
Aim: a merfolk, wielding a +0 trident (heavily wounded, extremely poisoned, 66% to hit)
You shoot an arrow. The arrow barely misses the merfolk.
The merfolk closely misses you.
Shoot: a) +2 shortbow (venom)
Press: ? - help, Q - select action, (/) - cycle Shift-Dir - straight line, f/p - merfolk
Aim: a merfolk, wielding a +0 trident (heavily wounded, extremely poisoned, 66% to hit)
You shoot an arrow.
The arrow hits the merfolk but does no damage.
The merfolk looks as sick as possible!
The merfolk is heavily wounded.
The merfolk hits you from afar with a +0 trident!
* * * LOW HITPOINT WARNING * * *
The merfolk hits you from afar with a +0 trident!
You die...

.................≈♣.♣≈≈≈≈≈≈≈≈
.....≈.........≈..≈≈≈≈≈≈≈≈≈≈≈
≈♣≈≈♣♣≈≈.......≈≈≈≈..≈≈≈≈≈≈≈≈
#≈≈≈≈ ≈≈.≈.....≈≈≈≈..♣≈≈≈≈≈≈≈
≈≈≈≈≈.♣≈...≈≈≈≈≈≈≈
≈.≈.≈.......≈≈≈≈≈≈
......≈≈.≈..≈#####
≈.≈≈.≈≈≈≈≈≈.## ≈≈.....@≈m.##
≈≈...♣≈≈..≈# .♣..≈≈≈≈.≈.'≈..
≈≈.≈≈≈≈≈≈.#≈..!
≈≈≈...≈≈≈♣≈##≈≈≈≈
############ #≈≈≈ ###


You could see a merfolk (extremely poisoned).

Vanquished Creatures
  A two-headed ogre (D:8)
  2 manticores (D:8)
  A troll (D:8)
  3 wyverns
  Sigmund (D:6)
  A hog (D:8)
  9 yaks
  Edmund (D:6)
  2 water moccasins
  A sky beast (D:6)
  5 orc warriors
  5 black bears
  An ice beast (D:6)
  3 ogres
  2 centaurs
  A phantom (D:5)
  A kobold brigand (D:8)
  Blork the orc (D:5)
  6 bullfrogs
  4 necrophages
  2 gnoll sergeants (D:8)
  2 scorpions
  2 jellies
  9 wights
  6 electric eels (D:8)
  3 hounds (D:5)
  6 orc priests
  4 gnoll shamans
  Jessica (D:2)
  Ijyb (D:3)
  5 iguanas
  9 orc wizards
  3 gnolls (D:6)
  8 adders
  A shadow imp (D:5)
  2 white imps
  An ufetubus (D:5)
  2 worms
  3 dart slugs
  21 orcs
  12 ball pythons
  9 endoplasms
  6 giant cockroaches
  8 goblins
  8 hobgoblins
  6 jackals
  10 kobolds
  4 bats
  3 frilled lizards
  8 rats
216 creatures vanquished.

Vanquished Creatures (collateral kills)
  A wyvern (D:8)
  A gnoll sergeant (D:8)
  A gnoll shaman (D:8)
3 creatures vanquished.

Vanquished Creatures (others)
  6 ancestors (D:8)
  3 fungi (D:4)
  79 plants
88 creatures vanquished.

Grand Total: 307 creatures vanquished

Notes
Turn   | Place    | Note
-------+----------+-------------------------------------------
     0 | D:1      | porpoise the Tengu Hunter began the quest for the Orb.
     0 | D:1      | Reached XP level 1. HP: 12/12 MP: 2/2
    84 | D:1      | Reached XP level 2. HP: 17/17 MP: 3/3
   463 | D:1      | Found a faded altar of an unknown god.
   482 | D:1      | Reached XP level 3. HP: 22/22 MP: 4/4
   789 | D:2      | Reached skill level 5 in Bows
   872 | D:2      | Noticed Jessica
   875 | D:2      | Killed Jessica
   876 | D:2      | Reached XP level 4. HP: 11/28 MP: 5/5
  1791 | D:3      | Gained mutation: Your magical nature lets you fly swiftly
                  | and evasively. [Tengu growth]
  1791 | D:3      | Reached XP level 5. HP: 30/32 MP: 6/6
  1983 | D:3      | Noticed Ijyb
  1996 | D:3      | Killed Ijyb
  2135 | D:3      | You are sucked into a shaft and drop 1 floor!
  3042 | D:4      | Reached skill level 6 in Bows
  3042 | D:4      | Reached XP level 6. HP: 26/38 MP: 7/7
  3539 | D:4      | Noticed an orc warrior
  3546 | D:4      | Killed an orc warrior
  3547 | D:4      | Reached XP level 7. HP: 32/44 MP: 8/8
  3810 | D:4      | Found a broken altar of Ashenzari.
  4050 | D:4      | Found a runed translucent gate.
  4050 | D:4      | Found a runed translucent gate.
  4050 | D:4      | Found a runed translucent gate.
  4056 | D:4      | Reached skill level 5 in Fighting
  4164 | D:4      | Noticed YayAnonymity's ghost (novice GnFi)
  4387 | D:5      | Entered Level 5 of the Dungeon
  4440 | D:5      | Reached skill level 7 in Bows
  4947 | D:5      | Identified the +1 ring mail of Free Will {Will+}
  4978 | D:5      | Reached XP level 8. HP: 51/51 MP: 9/9
  5024 | D:5      | Noticed Blork the orc
  5030 | D:5      | Killed Blork the orc
  5031 | D:5      | Reached skill level 8 in Bows
  5787 | D:6      | Reached skill level 5 in Stealth
  5905 | D:6      | Reached skill level 9 in Bows
  6170 | D:6      | Reached XP level 9. HP: 49/57 MP: 10/10
  6457 | D:6      | Noticed Edmund
  6472 | D:6      | Killed Edmund
  6548 | D:6      | Noticed Sigmund
  6551 | D:6      | Killed Sigmund
  6576 | D:6      | Reached skill level 10 in Bows
  6805 | D:6      | Found a staircase to the Ecumenical Temple.
  6811 | Temple   | Entered the Ecumenical Temple
  6882 | Temple   | Became a worshipper of Hepliaklqana the Forgotten
  6981 | D:6      | Reached skill level 1 in Armour
  8188 | D:7      | Reached skill level 5 in Dodging
  8395 | D:7      | Reached XP level 10. HP: 60/63 MP: 11/11
  8595 | D:8      | Reached skill level 5 in Armour
  8633 | D:8      | Reached skill level 1 in Evocations
  9439 | D:8      | Reached * piety under Hepliaklqana
  9772 | D:8      | Noticed a manticore
  9781 | D:8      | Killed a manticore
 10004 | D:8      | Noticed a two-headed ogre
 10029 | D:8      | Reached skill level 5 in Evocations
 10035 | D:8      | Reached XP level 11. HP: 31/61 MP: 12/12
 10196 | D:8      | Killed a two-headed ogre
 10197 | D:8      | Reached skill level 1 in Invocations
 10832 | D:8      | Got the Tome of Clay and Black Rites
 10902 | D:8      | Noticed a manticore
 10910 | D:8      | Killed a manticore
 11060 | D:8      | Slain by a merfolk

Illustrated notes

Levels and vault maps discovered:
D:1:      minmay_arrival_cross, layout_loops_ring,
          hellmonk_ecumenical_altar_leap_of_faith
D:2:      layout_basic, minivault_26, serial_bayou_pond_c, uniq_jessica
D:3:      layout_basic, minmay_misc_feat_pillars, uniq_ijyb
D:4:      layout_gridville, kennysheep_mini, gammafunk_ghost_nasty_kobolds,
          st_stairs_14, hangedman_abyss_or_decor_stagger,
          kennysheep_generic_room_13
D:5:      layout_loops_ring, uniq_blork_the_orc
D:6:      nicolae_cairo_tiling_very_big, layout_loops_cross,
          minmay_temple_entry_fiery, uniq_edmund, uniq_sigmund
D:7:      layout_loops_cross
D:8:      kennysheep_town
Temple:   mainiacjoe_temple_hex_bubbles

Skill      XL: |  1  2  3  4  5  6  7  8  9 10 11 |
---------------+----------------------------------+-----
Bows           | 5 6 7 9 10 | 10.6
Fighting       | 3 4 6 7 8 |  8.4
Stealth        | 2 3 4 5 7 |  7.0
Armour         | 4 7 |  7.0
Dodging        | 5 7 |  7.0
Evocations     | 5 |  5.0
Invocations    | 2 |  2.7

Action                   |  1- 3 |  4- 6 |  7- 9 | 10-12 || total
-------------------------+-------+-------+-------+-------++-------
Melee: Dagger            |       |     3 |    36 |     4 ||    43
       Peck              |       |     3 |     6 |     1 ||    10
       Kick              |       |     1 |    17 |     3 ||    21
       Punch             |       |       |     1 |       ||     1
 Fire: Shortbow          |    70 |   138 |   273 |   252 ||   733
Throw: Boomerang         |       |     4 |       |       ||     4
       Throwing net      |       |     2 |       |       ||     2
Invok: Ancestor Identity |       |       |       |     1 ||     1
  Use: Scroll            |       |    15 |     6 |     1 ||    22
       Potion            |       |     1 |     4 |     1 ||     6
Armor: Leather armour    |     5 |     7 |     5 |       ||    17
       Ring mail         |       |       |    25 |    27 ||    52
Dodge: Dodged            |     9 |    41 |   103 |    85 ||   238

Table legend: (Time is in decaauts)
 A = Elapsed time spent in this place.
 B = Non-inter-level travel time spent in this place.
 C = Inter-level travel time spent in this place.
 D = Time resting spent in this place.
 E = Time spent auto-exploring this place.
 F = Levels seen in this place.
 G = Mean time per level.
                   A        B        C        D        E       F      G
               +--------+--------+--------+--------+--------+-----+--------+
         Total |  10776 |  10467 |    309 |   4243 |   4583 |   9 | 1197.3 |
       Dungeon |  10692 |  10402 |    290 |   4243 |   4523 |   8 | 1336.5 |
        Temple |     83 |     65 |     18 |      0 |     59 |   1 |   83.0 |
               +--------+--------+--------+--------+--------+-----+--------+

Top non-repeatable levels by time:
     D:8: 2185 daAuts
     D:4: 1750 daAuts
     D:7: 1654 daAuts
     D:6: 1322 daAuts
     D:5: 1234 daAuts
     D:2: 991 daAuts
     D:1: 784 daAuts
     D:3: 770 daAuts
  Temple: 83 daAuts
